 Dungeon Crawl Stone Soup version 0.23-b1-75-g379dba2534 (webtiles) character file.

Game seed: 1622960083659909959

99 turbotont the Shield-Bearer (level 5, 0/42 HPs)
             Began as a Human Fighter on Feb 6, 2019.
             Succumbed to an adder's poison
             ... on level 2 of the Dungeon.
             The game lasted 00:22:32 (1246 turns).

turbotont the Shield-Bearer (Human Fighter)         Turns: 1246, Time: 00:22:33

Health: 0/42       AC:  3    Str: 23    XL:     5   Next: 2%
Magic:  5/5        EV:  8    Int:  8    God:
Gold:   49         SH:  9    Dex: 12    Spells: 4/4 levels left

rFire    . . .     SeeInvis .   a - +0 trident
rCold    . . .     Gourm    .   c - +0 shield
rNeg     . . .     Faith    .   h - +0 leather armour
rPois    .         Spirit   .   (no helmet)
rElec    .         Reflect  .   (no cloak)
rCorr    .         Harm     .   (no gloves)
MR       .....                  (no boots)
Stlth    +.........             (no amulet)
HPRegen  0.14/turn              (no ring)
MPRegen  0.09/turn              (no ring)

@: mighty, lethally poisoned (0 -> -3)
A: no striking features
a: no special abilities


You were on level 2 of the Dungeon.
You were not hungry.

You visited 1 branch of the dungeon, and saw 2 of its levels.

You collected 49 gold pieces.

Inventory:

Hand Weapons
 a - a +0 trident (weapon)
 j - a +0 spear
Missiles
 g - 14 poisoned needles (quivered)
Armour
 c - a +0 shield (worn)
 h - a +0 leather armour (worn)
Scrolls
 i - a scroll of enchant armour
 k - 2 scrolls of teleportation
Comestibles
 f - 4 rations
 n - a chunk of flesh


   Skills:
 + Level 3.6 Fighting
 * Level 3.6 Polearms
 - Level 3.0 Armour
 + Level 3.6 Shields


You had 4 spell levels left.
You didn't know any spells.
Your spell library was empty.

Dungeon Overview and Level Annotations

Branches:
Dungeon (2/15)

Altars:
Ashenzari


Message History

You feel sick.
You feel very mighty all of a sudden.
As you read the scroll labeled IBELES JULAYST, it crumbles to dust.
You feel aware of your surroundings.
You sensed 1 altar.
It was a scroll of magic mapping.
Your surroundings suddenly seem different.
* * * LOW HITPOINT WARNING * * *
You feel sick.
A jackal comes into view.
The jackal barks!
You hear a bark!
Found a helmet.
As you read the scroll labeled FAMIBREGEO, it crumbles to dust.
It is a scroll of identify.
i - a scroll of enchant armour Quivering
g - 15 poisoned needles for throwing.
Tossing away (i - inventory)
g - 15 poisoned needles (quivered)
Press: ? - help, Shift-Dir - straight line, f - jackal
Aim: a jackal You toss away a poisoned needle.
The poisoned needle misses the jackal.
You die...

****,,***,***,****,**,,,,,,,,,,,,
,,,*,,* *,* *,,,,,.#***,,*,,,,,,,
**,*,,* *,* ******.# *,,******,,
*,*,,* *,* ##* *.# *,,******,,
*,**,***,* #≈**#[###*,,,,,,,,,,
*,**,,,,,* ##≈#*....,*,,,,,,,,,,
*,**,,**,* #.≈.#..##.##,,,,*,*,*
*,**,,**.###.≈.........,,,,*,*,*
*,,,,,,,.....≈.@.#**,*,,,,,*,*,*
****,,,,....#≈#........,,,,*,*,,
*********#**,#≈##...h...,,,,,,,,,
**≈≈≈≈******,*≈*,.###...,,,,,,*,*
,*≈≈≈≈*,,,,,,***,..,,,.(,,,,,,,,,
,+≈≈≈≈+,***,,,,,*.##*,*.,,,,,,,,,
,*≈≈≈≈***,,,,,,,*.#**,*,,,**,,*,,
,*≈≈≈≈* *,,,,,,,*..,,,,,,,**,,*,,
,****** *,,,,,,,*,,,,,**,,**,,*,,


You could see a jackal.

Vanquished Creatures
  Jessica (D:2)
  An adder (D:2)
  3 gnolls
  A dart slug (D:1)
  4 bats (D:1)
  3 giant cockroaches
  5 goblins
  2 hobgoblins (D:1)
  6 jackals (D:1)
  4 frilled lizards
  A kobold (D:1)
  3 rats (D:1)
34 creatures vanquished.

Notes
Turn   | Place    | Note
-------+----------+-------------------------------------------
     0 | D:1      | turbotont the Human Fighter began the quest for the Orb.
     0 | D:1      | Reached XP level 1. HP: 18/18 MP: 1/1
    36 | D:1      | Reached XP level 2. HP: 15/24 MP: 2/2
   305 | D:1      | Found a shattered altar of Ashenzari.
   334 | D:1      | Reached XP level 3. HP: 20/29 MP: 3/3
   941 | D:2      | Noticed Jessica
   948 | D:2      | Killed Jessica
   948 | D:2      | Reached XP level 4. HP: 28/35 MP: 4/4
  1238 | D:2      | Reached XP level 5. HP: 4/42 MP: 5/5
  1240 | D:2      | HP: 2/42 [poisoned by an adder]
  1246 | D:2      | Succumbed to an adder's poison

Skill      XL: |  1  2  3 |
---------------+----------+-----
Polearms       | 3 |  3.6
Fighting       | |  3.6
Armour         | |  3.0
Shields        | |  3.6

Action                   |  1- 3 |  4- 6 || total
-------------------------+-------+-------++-------
Melee: Trident           |    92 |    52 ||   144
  Use: Potion            |       |     2 ||     2
       Scroll            |       |     4 ||     4
  Eat: Chunk             |       |     1 ||     1
Armor: Scale mail        |    10 |       ||    10
       Leather armour    |    17 |     9 ||    26
Dodge: Dodged            |    28 |    11 ||    39
Block: Shield            |    34 |    27 ||    61
